AoeStats
← Anarky

Arabia

508240320Analyzed
1v1 RM · 12d ago on Sep 21, 2026· 44m 23s· 2 players
Game mode
Random Map
Map size
Tiny (2 player)
Population
200
Speed
Normal
Resources
Standard
Victory
Conquest
Starting age
Dark Age
Ending age
Imperial Age
RankedLock teamsTeams togetherTeam positionsShared explorationLock speedFull tech treeHidden civsTurbo modeCheats
Victory
Defeat
🇷🇺 Huns · Russia
1210
+17
🇮🇹 Japanese · Italy
1232
-17
89sokol89
10:04 Loom
12:49 Feudal Age
12:55 Man-at-Arms
15:43 Double-Bit Axe
17:13 Horse Collar
18:58 Wheelbarrow
19:54 Gold Mining
23:48 Castle Age
22:13 Fletching
22:43 Scale Barding Armor
22:49 Forging
24:29 Bloodlines
25:01 Husbandry
28:26 Padded Archer Armor
29:10 Town Watch
29:42 Bow Saw
30:06 Bodkin Arrow
30:58 Leather Archer Armor
32:06 Hand Cart
34:47 Chain Barding Armor
35:03 Iron Casting
35:31 Town Patrol
41:05 Imperial Age
40:20 Gold Shaft Mining
39:36 Stone Mining
41:10 Cavalier
42:29 Plate Barding Armor
42:55 Blast Furnace
43:11 Two-Man Saw
42:15 Heavy Plow
42:44 Paladin
43:49 Bracer
Anarky
6:50 Loom
9:21 Feudal Age
9:37 Man-at-Arms
17:34 Horse Collar
17:43 Double-Bit Axe
22:25 Castle Age
21:02 Scale Mail Armor
22:12 Forging
22:34 Arson
22:56 Gambesons
22:44 Long Swordsman
23:17 Gambesons
23:49 Heavy Plow
24:15 Squires
25:57 Chain Mail Armor
27:50 Wheelbarrow
27:16 Fletching
28:31 Bow Saw
29:37 Elite Skirmisher
31:11 Bodkin Arrow
31:38 Gold Mining
34:24 Ballistics
37:04 Pikeman
40:14 Hand Cart
40:38 Gold Shaft Mining
39:54 Stone Mining
45:17 Imperial Age
43:39 Light Cavalry
44:29 Bloodlines
44:20 Husbandry
Connection lost

Rejoining the realm…

Still unreachable

The connection could not be restored.

Session expired

The server has moved on; the page needs a fresh start.